 Dungeon Crawl Stone Soup version 0.19.1-1-g22dce08 (webtiles) character file.

1143 Kiturien the Sneak (level 8, -10/54 HPs)
             Began as an Octopode Fighter on Jan 17, 2017.
             Mangled by Kiturien's ghost (11 damage)
             ... on level 5 of the Dungeon.
             The game lasted 00:20:47 (3722 turns).

Kiturien the Sneak (Octopode Fighter)               Turns: 3722, Time: 00:20:48

Health: -10/54     AC:  3    Str: 17    XL:     8   Next: 37%
Magic:  13/13      EV: 12    Int: 11    God:
Gold:   207        SH:  9    Dex: 11    Spells: 0 memorised, 14 levels left

rFire  . . .     SeeInvis .     n - +2 rapier (venom)
rCold  . . .     Gourm    .     b - +0 shield
rNeg   . . .     Faith    +     h - +2 hat
rPois  .         Spirit   .     z - amulet of faith
rElec  .         Reflect  .     l - ring of resist corrosion
rCorr  +         Harm     .     (no ring)
MR     .....                    (no ring)
Stlth  ++++......               (no ring)
                                (no ring)
                                (no ring)
                                (no ring)
                                (no ring)

@: exhausted, slowed, very slow
A: almost no armour, stealthy swim, amphibious, 8 rings, constrict 8, camouflage
1, gelatinous body 1
a: no special abilities


You were on level 5 of the Dungeon.
You were not hungry.

You visited 1 branch of the dungeon, and saw 6 of its levels.

You collected 207 gold pieces.

Inventory:

Hand Weapons
 a - a +0 rapier
 m - a +0 dagger of venom
 n - a +2 rapier of venom (weapon)
 o - a +2 whip of electrocution
 w - a +2 quarterstaff of chaos
Armour
 b - a +0 shield (worn)
 h - a +2 hat (worn)
 s - the +2 leather armour of the Pit {rPois Stlth+, unknown}
   (You found it on level 4 of the Dungeon)

   It protects you from poison.
   It makes you more stealthy.
 x - a +2 hat
Jewellery
 l - a ring of resist corrosion (left tentacle)
 z - an amulet of faith (around mantle)
Wands
 y - a wand of acid (10/15)
Scrolls
 e - a scroll of amnesia {unknown}
 f - 2 scrolls of enchant armour {unknown}
 g - a scroll of remove curse {unknown}
 j - 2 scrolls of magic mapping {unknown}
 u - a scroll of fear {unknown}
Potions
 c - 2 potions of might
 d - a potion of ambrosia
 k - a potion of curing
 p - a potion of lignification
 r - 2 potions of agility
 v - a potion of berserk rage
 A - a potion of cancellation {unknown}
Comestibles
 i - a bread ration
 q - a slice of pizza
 t - a beef jerky


   Skills:
 + Level 4.2 Fighting
 + Level 5.2 Short Blades
 + Level 4.0 Dodging
 * Level 7.2 Stealth
 + Level 4.1 Shields
 * Level 3.5 Spellcasting


You had 14 spell levels left.
You didn't know any spells.

Dungeon Overview and Level Annotations

Branches:
Dungeon (6/15)
 Temple: D:4-7

Altars:
Hepliaklqana
Nemelex Xobeh
Qazlal
Vehumet

Annotations:
D:5 Kiturien's ghost, novice MiFi


Innate Abilities, Weirdness & Mutations

You cannot wear most types of armour.
You are very stealthy in the water. (Stealth+)
You are amphibious.
You can wear up to eight rings at the same time.
You can use your tentacles to constrict eight enemies at once.
Your skin changes colour to match your surroundings (Stealth+).
Your rubbery body absorbs attacks. (AC +1, EV +1)


Message History

The crocodile bites you. You block Kiturien's ghost's attack.
There is an open door here.
You hit Kiturien's ghost.
Kiturien's ghost is almost destroyed.
Kiturien's ghost barely misses you. x2
You barely miss Kiturien's ghost.
You squeeze Kiturien's ghost, but do no damage.
Kiturien's ghost is almost destroyed.
Kiturien's ghost hits you!
You hit Kiturien's ghost but do no damage.
You squeeze Kiturien's ghost.
Kiturien's ghost is almost destroyed.
You block Kiturien's ghost's attack. Kiturien's ghost hits you!!
* * * LOW HITPOINT WARNING * * *
Kiturien's ghost whispers, "There is no future for you."
There is a stone staircase leading down here.
You can't go up here!
Kiturien's ghost closely misses you. Kiturien's ghost hits you!
You die...

..# ..# #.... ### #....
#.... ###########.....
................
##.............#
...≈...≈≈..≈...###
.....≈≈≈≈.......@#
..(..#≈≈###....#W#
.....'≈≈≈≈#....#t######
.....≈≈W8≈#...........#
.....#≈>.≈≈≈≈.#.......#
....≈#≈≈≈≈#≈≈.#.......#
....≈≈####≈≈≈.#..######
##.≈Z≈ ..≈...#..# #..≈.
..≈....#...


You could see a crocodile and Kiturien's ghost.

Vanquished Creatures
  Sigmund (D:3)
  An orc warrior (D:4)
  3 phantoms
  A scorpion (D:4)
  2 howler monkeys (D:4)
  A hound (D:4)
  A jelly (D:4)
  4 orc wizards
  Crazy Yiuf (D:4)
  A bullfrog zombie (D:3)
  An iguana (D:6)
  3 worker ants
  Ijyb (D:2)
  A howler monkey zombie (D:6)
  6 adders
  2 adder skeletons (D:4)
  4 worms
  2 dart slugs (D:1)
  4 leopard geckos
  15 orcs
  2 ball pythons (D:4)
  5 giant cockroaches
  5 goblins
  4 hobgoblins
  6 jackals
  2 quokkas
  6 bats
  3 frilled lizards
  2 kobolds
  3 rats
93 creatures vanquished.

Notes
Turn   | Place    | Note
-------+----------+-------------------------------------------
     0 | D:1      | Kiturien the Octopode Fighter began the quest for the Orb.
     0 | D:1      | Reached XP level 1. HP: 16/16 MP: 1/1
   359 | D:1      | Reached XP level 2. HP: 18/21 MP: 2/2
   761 | D:2      | Reached XP level 3. HP: 24/26 MP: 3/3
   785 | D:2      | Reached skill level 1 in Stealth
   811 | D:2      | Found a hazy altar of Hepliaklqana.
   859 | D:2      | Noticed Ijyb
   871 | D:2      | Killed Ijyb
   871 | D:2      | Reached skill level 2 in Stealth
   871 | D:2      | Reached skill level 1 in Spellcasting
   871 | D:2      | Reached XP level 4. HP: 26/31 MP: 5/5
   886 | D:2      | Found a sparkling altar of Nemelex Xobeh.
  1276 | D:3      | Noticed a phantom
  1289 | D:3      | HP: 1/31 [worm (4)]
  1292 | D:3      | Killed a phantom
  1292 | D:3      | Reached skill level 3 in Stealth
  1292 | D:3      | Reached XP level 5. HP: 2/36 MP: 5/7
  1654 | D:3      | Noticed Sigmund
  1663 | D:3      | Killed Sigmund
  1663 | D:3      | Reached skill level 4 in Stealth
  1663 | D:3      | Reached XP level 6. HP: 29/42 MP: 7/9
  2121 | D:4      | Reached skill level 5 in Stealth
  2121 | D:4      | Reached XP level 7. HP: 47/47 MP: 10/10
  2125 | D:4      | Found a faded altar of an unknown god.
  2125 | D:4      | Found a faded altar of an unknown god.
  2133 | D:4      | Found a faded altar of an unknown god.
  2136 | D:4      | Found a radiant altar of Vehumet.
  2138 | D:4      | Found a faded altar of an unknown god.
  2314 | D:4      | Found a runed door.
  2449 | D:4      | Got a smoking leather armour
  2630 | D:4      | Reached skill level 6 in Stealth
  2699 | D:4      | Reached skill level 5 in Short Blades
  2699 | D:4      | Reached XP level 8. HP: 34/54 MP: 12/12
  3120 | D:4      | Noticed Crazy Yiuf
  3124 | D:4      | Killed Crazy Yiuf
  3124 | D:4      | Reached skill level 7 in Stealth
  3149 | D:5      | Entered Level 5 of the Dungeon
  3276 | D:5      | Noticed Kiturien's ghost (novice MiFi)
  3277 | D:5      | Found a stormy altar of Qazlal.
  3720 | D:5      | HP: 1/54 [Kiturien's ghost (19)]
  3722 | D:5      | Mangled by Kiturien's ghost

Skill      XL: |  1  2  3  4  5  6  7  8 |
---------------+-------------------------+-----
Stealth        | 2 3 4 5 6 7 |  7.2
Spellcasting   | 1 2 3 |  3.5
Short Blades   | 3 4 5 |  5.2
Dodging        | 4 |  4.0
Fighting       | 4 |  4.2
Shields        | 4 |  4.1

Action                   |  1- 3 |  4- 6 |  7- 9 || total
-------------------------+-------+-------+-------++-------
Melee: Rapier            |    45 |    69 |   122 ||   236
       Constrict         |     6 |    18 |    22 ||    46
       Tentacles         |     4 |    14 |    27 ||    45
       Dagger            |       |     9 |       ||     9
  Use: Potion            |       |     2 |     1 ||     3
       Scroll            |       |     3 |     5 ||     8
 Stab: Sleeping          |     6 |     6 |     8 ||    20
       Distracted        |       |     1 |       ||     1
       Invisible         |       |     1 |       ||     1
  Eat: Bread ration      |       |     1 |     1 ||     2
Armor: Skin              |     4 |     6 |     6 ||    16
Dodge: Dodged            |    16 |    24 |    36 ||    76
Block: Shield            |    15 |    31 |    45 ||    91
